 Dungeon Crawl Stone Soup version 0.31-a0-702-gf82c85558f (webtiles) character file.

Game seed: 4326554141600614617

1059 javelincjr the Changeling (level 8, -4/75 HPs)
             Began as a Troll Shapeshifter on Sept 8, 2023.
             Killed from afar by Maggie (25 damage)
             ... with a bolt of fire
             ... on level 6 of the Dungeon.
             The game lasted 00:14:53 (4219 turns).

javelincjr the Changeling (Troll Shapeshifter)      Turns: 4219, Time: 00:14:53

Health: -4/75      AC:  4    Str: 25    XL:     8   Next: 6%
Magic:  7/7        EV: 10    Int: 12    God:
Gold:   239        SH:  0    Dex:  9    Spells: 7/7 levels left

rFire   . . .        s - +2 spear (chaos)
rCold   + . .        (no shield)
rNeg    . . .        D - +0 robe {rC+}
rPois   .            (helmet currently unavailable)
rElec   .            (cloak currently unavailable)
rCorr   .            (gloves unavailable)
SInv    .            (boots unavailable)
Will    .....        (no amulet)
Stlth   +            r - +6 ring of intelligence
HPRegen 1.12/turn    t - ring of flight
MPRegen 0.10/turn

%: no passive effects
@: beast-form, flying, hasted, very quick
A: beast (slay +3), large, unfitting armour, claws 3, regeneration 1, shaggy fur
1, tough skin 1
a: Begin Untransformation


You were on level 6 of the Dungeon.
You were a hulking beast.
You visited 1 branch of the dungeon, and saw 6 of its levels.

You collected 316 gold pieces.
You spent 77 gold pieces at shops.

Inventory:

Hand Weapons
 s - a +2 spear of chaos (weapon)
Armour
 a - a +0 animal skin
 g - a +0 cloak
 D - a +0 robe of cold resistance (worn)
Jewellery
 o - an amulet of faith
 r - a +6 ring of intelligence (left claw)
 t - a ring of flight (right claw)
 C - a +5 ring of evasion
 E - an amulet of regeneration
Talismans
 c - a beast talisman (active)
 d - a flux talisman
 n - a maw talisman
Wands
 v - a wand of flame (8)
 z - a wand of charming (6)
Scrolls
 f - a scroll of butterflies {unknown}
 h - 2 scrolls of amnesia {unknown}
 k - a scroll of enchant armour {unknown}
 l - 3 scrolls of teleportation {unknown}
 p - a scroll of torment {unknown}
 u - 3 scrolls of enchant weapon {unknown}
 w - 2 scrolls of noise {unknown}
 y - a scroll of silence {unknown}
Potions
 b - 2 potions of lignification
 e - a potion of haste
 i - a potion of ambrosia {unknown}
 j - 2 potions of might {unknown}
 m - 3 potions of brilliance {unknown}
 q - a potion of magic {unknown}
 x - a potion of heal wounds {unknown}
 A - a potion of mutation {unknown}
 B - a potion of enlightenment {unknown}
 F - a potion of berserk rage {unknown}


   Skills:
 + Level 3.4 Fighting
 + Level 3.7 Dodging
 + Level 5.2 Unarmed Combat
 * Level 6.2 Shapeshifting


You had 7 spell levels left.
You didn't know any spells.
Your spell library contained the following spells:

 Spells                   Type           Power      Damage    Failure   Level
 Necrotise                Necr           0%         1d4       32%         1
 Lesser Beckoning         Tloc           0%         N/A       45%         2
 Scorch                   Fire           0%         2d5       45%         2
 Sublimation of Blood     Necr           0%         N/A       45%         2
 Wereblood                Tmut           0%         N/A       45%         2
 Gell's Gravitas          Tloc           0%         N/A       69%         3
 Teleport Other           Tloc           0%         N/A       69%         3
 Volatile Blastmotes      Fire/Tloc      0%         2d10      69%         3
 Flame Wave               Conj/Fire      0%         2d4       97%         4
 Fulminant Prism          Conj/Hex       0%         3d5       97%         4
 Iskenderun's Mystic Bla  Conj/Tloc      0%         2d3       97%         4
 Summon Cactus Giant      Summ           0%         N/A       100%        6
 Summon Hydra             Summ           0%         N/A       100%        7
 Borgnjor's Revivificati  Necr           0%         N/A       100%        8
 Infestation              Necr           0%         N/A       100%        8


Dungeon Overview and Level Annotations

Branches:
Dungeon (6/15)
 Temple: D:4-7

Altars:
Cheibriados
Kikubaaqudgha
Xom
Yredelemnul
Zin

Shops:
D:3 [   D:5 [

Annotations:
D:6 Maggie


Innate Abilities, Weirdness & Mutations

You are a hulking beast.
Your limbs bulge with bestial killing power. (Slay +3)
You are too large for most types of armour.
You have claws for hands.
Your natural rate of healing is unusually fast.
You are covered in fur. (AC +1)
You have tough skin. (AC +1)


Message History

You hit Maggie but do no damage.
Maggie is moderately wounded.
Maggie closely misses you.
You closely miss Maggie.
Maggie is moderately wounded.
Maggie hits you with a +0 broad axe of flaming!
Maggie burns you.
You hit Maggie.
Maggie is moderately wounded.
Maggie hits you with a +0 broad axe of flaming.
Maggie burns you.
You hit Maggie but do no damage. You claw Maggie.
Maggie is heavily wounded.
Maggie mumbles some strange words.
Maggie attempts to bespell you!
You easily resist.
You hit Maggie. You freeze Maggie.
Maggie is heavily wounded.
Maggie mumbles some strange words.
Maggie attempts to bespell you! You resist with almost no effort.
You puncture Maggie! You burn Maggie.
Maggie is severely wounded.
Maggie hits you with a +0 broad axe of flaming.
Maggie burns you.
You hit Maggie. You drain Maggie.
Maggie is severely wounded.
Maggie says, "Did Master Lance send you?"
Maggie points at you and mumbles some strange words.
The bolt of fire hits you!
You barely miss Maggie.
Maggie is severely wounded.
Maggie hits you with a +0 broad axe of flaming.
* * * LOW HITPOINT WARNING * * *
Maggie burns you.
* * * LOW HITPOINT WARNING * * *
You hit Maggie.
Maggie resists with some effort.
Maggie is almost dead.
Maggie barely misses you. Maggie casts a spell at you.
The bolt of fire hits you!!
You die...

#....#..##$$#
#....'._#$$$#
#....#..##$$#
##...#...####
#...######
######..## ##
.........# .#
######..######.#
............h@.#
##############.#
.# .# @# .# .#
.#


You could see Maggie (fast, very poisoned, drained).

Vanquished Creatures
  An ogre (D:6)
  A centaur (D:5)
  2 scorpions
  3 jellies
  2 hounds
  5 orc priests (D:5)
  6 iguanas
  3 orc wizards
  A gnoll (D:1)
  12 adders
  A white imp (D:5)
  3 worms
  4 dart slugs
  14 orcs
  8 endoplasms
  5 giant cockroaches
  6 goblins
  11 hobgoblins
  3 jackals (D:1)
  2 quokkas (D:4)
  12 ball pythons
  4 bats
  2 frilled lizards
  6 kobolds
  9 rats
126 creatures vanquished.

Notes
Turn   | Place    | Note
-------+----------+-------------------------------------------
     0 | D:1      | javelincjr the Troll Shapeshifter began the quest for the
                  | Orb.
     0 | D:1      | Reached XP level 1. HP: 18/18 MP: 0/0
    59 | D:1      | Reached skill level 1 in Fighting
   138 | D:1      | Reached XP level 2. HP: 23/27 MP: 1/1
   227 | D:1      | Reached XP level 3. HP: 33/33 MP: 2/2
   455 | D:1      | Found a faded altar of an unknown god.
   526 | D:1      | Got Lugut's Compendium of Misery
   742 | D:2      | Reached XP level 4. HP: 35/41 MP: 3/3
   843 | D:2      | Found a basalt altar of Yredelemnul.
  1101 | D:2      | Reached skill level 4 in Shapeshifting
  1581 | D:3      | Found Jockeipsaon's Armour Shop.
  1604 | D:3      | Reached XP level 5. HP: 41/49 MP: 4/4
  1637 | D:3      | Found a snail-covered altar of Cheibriados.
  1721 | D:3      | Found a shimmering altar of Xom.
  2381 | D:4      | Reached XP level 6. HP: 24/57 MP: 5/5
  3060 | D:5      | Entered Level 5 of the Dungeon
  3259 | D:5      | Reached skill level 5 in Shapeshifting
  3341 | D:5      | Reached XP level 7. HP: 66/66 MP: 6/6
  3467 | D:5      | Found Xuntac's Antique Armour Shoppe.
  3484 | D:5      | Bought a runed robe for 77 gold pieces
  3806 | D:5      | Found an ancient bone altar of Kikubaaqudgha.
  3919 | D:6      | Reached skill level 5 in Unarmed Combat
  4017 | D:6      | Reached skill level 6 in Shapeshifting
  4091 | D:6      | Reached XP level 8. HP: 42/75 MP: 7/7
  4186 | D:6      | Found a glowing silver altar of Zin.
  4201 | D:6      | Noticed Maggie
  4219 | D:6      | Killed from afar by Maggie

Illustrated notes

Levels and vault maps discovered:
D:1:      scummos_arrival_simple_crosswalls, layout_loops_cross,
          dreamdust_ecumenical_altar_angels_and_demons
D:2:      layout_basic, basic_altar
D:3:      layout_rooms, kennysheep_slug_shrine, tgw_xom, serial_shops, shop,
          nrook_mini_vaults
D:4:      layout_layer_cave, solitary_fountain
D:5:      layout_loops_ring, mainiacjoe_overflow_boulevard, serial_shops, shop
D:6:      layout_loops_ring, zin_treasury, amcnicky_mini_corridor_feature,
          uniq_prince_ribbit1, uniq_maggie

Skill      XL: |  1  2  3  4  5  6  7 |
---------------+----------------------+-----
Fighting       | 1 2 3 |  3.4
Dodging        | 2 3 |  3.7
Shapeshifting  | 4 5 6 |  6.2
Unarmed Combat | 4 5 |  5.2

Action                     |  1- 3 |  4- 6 |  7- 9 || total
---------------------------+-------+-------+-------++-------
  Melee: Unarmed           |    97 |    66 |       ||   163
         Punch             |     1 |     4 |     3 ||     8
         Spear             |       |   114 |    87 ||   201
    Use: Potion            |       |       |     1 ||     1
   Stab: Sleeping          |       |     2 |       ||     2
         Petrifying        |       |     1 |       ||     1
         Petrified         |       |     1 |       ||     1
 Armour: Animal skin       |    67 |    95 |     9 ||   171
         Robe              |       |       |    40 ||    40
  Dodge: Dodged            |    43 |    65 |    41 ||   149

Table legend: (Time is in decaauts)
 A = Elapsed time spent in this place.
 B = Non-inter-level travel time spent in this place.
 C = Inter-level travel time spent in this place.
 D = Time resting spent in this place.
 E = Time spent auto-exploring this place.
 F = Levels seen in this place.
 G = Mean time per level.
                   A        B        C        D        E       F      G
               +--------+--------+--------+--------+--------+-----+--------+
         Total |   4220 |   4096 |    124 |    141 |   3145 |   6 |  703.3 |
       Dungeon |   4220 |   4096 |    124 |    141 |   3145 |   6 |  703.3 |
               +--------+--------+--------+--------+--------+-----+--------+

Top non-repeatable levels by time:
     D:4: 985 daAuts
     D:2: 901 daAuts
     D:5: 846 daAuts
     D:1: 634 daAuts
     D:3: 533 daAuts
     D:6: 318 daAuts
